Cogmind - Beta 13 @@@ ROGUE MODE // 2024.04.09 @ 20:15:37 Player: anthonyiye Result: Destroyed by G-47 Trooper with Particle Gun Performance ------------- Evolutions (2) 1000 Regions Visited (5) 1000 Robots Destroyed (38) 190 Value Destroyed (852) 852 Prototype IDs (4) 80 Alien Tech Used (0) 0 Bonus (923) 923 TOTAL SCORE: 4045 Bonus ------- Follower Combat Kills 723 Entered Garrisons 200 Cogmind --------- Core Integrity 0/550 Matter 211/300 Energy 424/430 System Corruption 1% Temperature Cool (12) Movement Walking (125) Location -8/Garrison Parts ------- > --- POWER (2) -------- Improved Ion Engine Reinforced Ion Engine > --- PROPULSION (3) --- Aluminum Leg Titanium Leg > --- UTILITY (4) ------ Signal Interpreter Targeting Computer > --- WEAPON (2) ------- Light Assault Rifle Light Assault Rifle > --- INVENTORY (5) ---- Visual Processing Unit Improved Sensor Array Improved Utility Shielding Authchip [R/Combat] Peak State ------------ > --- POWER ------------ Improved Ion Engine Light Deuterium Engine > --- PROPULSION ------- Aerolev Unit Aerolev Unit Aerolev Unit > --- UTILITY ---------- Small Storage Unit Sensor Array Signal Interpreter Targeting Computer > --- WEAPON ----------- Heavy Particle Gun Heavy Assault Rifle > --- INVENTORY -------- Improved Ion Engine Titanium Leg Visual Processing Unit Improved Sensor Array Reaction Control System Improved Utility Shielding Heavy Particle Cannon Flak Cannon [Rating: 29] Favorites ----------- Power Ion Engine Engine Ion Engine Power Core Light Nuclear Core Propulsion Aluminum Leg Leg Aluminum Leg Hover Unit Aerolev Unit Utility Small Storage Unit Device Sensor Array Storage Small Storage Unit Processor Signal Interpreter Protection Light Armor Plating Weapon Assault Rifle Energy Gun Heavy Particle Gun Ballistic Gun Assault Rifle Ballistic Cannon Flak Cannon Impact Weapon Maul Build | -11 -10 -9 -8 -8 -8 ------- Run | Yrd Mat Mat Mat Sto Gar Slots Evolved 4 | . . 2 2 . . Power 1 | . . 1 . . . Propulsion 1 | . . . 1 . . Utility 2 | . . 1 1 . . Weapon . | . . . . . . Parts Attached 40 | 5 3 10 . 11 11 Power 13 | 1 . 3 . 3 6 Engine 11 | 1 . 3 . 3 4 Core 2 | . . . . . 2 Reactor . | . . . . . . Propulsion 9 | 2 1 1 . 3 2 Treads . | . . . . . . Leg 6 | 2 1 1 . . 2 Wheel . | . . . . . . Hover 3 | . . . . 3 . Flight . | . . . . . . Utility 8 | 1 1 4 . 2 . Device 2 | . . 1 . 1 . Storage 2 | 1 . . . 1 . Processor 2 | . . 2 . . . Hackware . | . . . . . . Protection 2 | . 1 1 . . . Artifact . | . . . . . . Weapon 10 | 1 1 2 . 3 3 Energy Gun 1 | . . . . 1 . Energy Cannon . | . . . . . . Ballistic Gun 7 | 1 . 2 . 2 2 Ballistic Cannon 1 | . . . . . 1 Launcher . | . . . . . . Special Weapon . | . . . . . . Impact Weapon 1 | . 1 . . . . Slashing Weapon . | . . . . . . Piercing Weapon . | . . . . . . Special Melee Weapon . | . . . . . . Unidentified Prototypes 2 | . . . . 2 . Parts Lost 17 | . . 3 . 1 13 Power 9 | . . 2 . 1 6 Propulsion 4 | . . 1 . . 3 Utility 2 | . . . . . 2 Weapon 2 | . . . . . 2 Highest Loss Streak 11 | . . 1 . 1 11 To Critical Strikes . | . . . . . . Average Slot Usage (%) 92 | . 97 91 81 97 72 Engine 14 | . 14 14 18 17 11 Leg 16 | . 28 21 18 . 2 Hover 7 | . . . . 25 13 Device 3 | . . 5 . 8 4 Storage 10 | . 14 11 9 8 5 Processor 10 | . . 15 18 18 18 Protection 4 | . 13 . . . . Ballistic Gun 14 | . 14 15 18 17 6 Impact Weapon 5 | . 12 5 . . . Naked Turns . | . . . . . . Heaviest Build 25 | 12 18 25 18 24 24 Greatest Support 27 | 20 20 20 20 24 27 Greatest Overweight (x) 4 | 3 . 2 . 2 4 Average Overweight (x) . | . . . . . . Largest Inventory Capacity 8 | 8 8 8 8 8 8 Average Capacity 7 | 7 8 8 8 7 6 Most Carried 8 | 2 8 8 8 8 8 Average Carried 6 | 1 6 6 8 7 6 Final Capacity 8 | 8 8 8 8 8 5 Final Carried 8 | 2 8 8 8 7 4 Class Distribution -------------------- 58% | Mutant 41% | Scavenger-Mutant Dominant Class ---------------- Mutant | -10/Materials Mutant | -9/Materials Scavenger-Mutant | -8/Materials Scavenger-Mutant | -8/Storage Scavenger-Mutant | -8/Garrison Resources | -11 -10 -9 -8 -8 -8 ----------- Run | Yrd Mat Mat Mat Sto Gar Matter Collected 1154 | 198 152 211 . 282 311 Remotely . | . . . . . . Salvage Created 977 | . 278 258 . 133 308 Parts 86 | . 19 33 . 13 21 Haulers Intercepted . | . . . . . . Recyclers Shooed . | . . . . . . Parts Field Recycled . | . . . . . . Retrieved Matter . | . . . . . . Parts Self-Destructed . | . . . . . . Prevented . | . . . . . . Kills | -11 -10 -9 -8 -8 -8 ------- Run | Yrd Mat Mat Mat Sto Gar Combat Hostiles Destroyed 30 | . 8 9 . 2 11 Guns 27 | . 7 9 . 2 9 Cannons 2 | . . . . . 2 Classes Destroyed 8 | . 4 2 . . 2 Worker 3 | . 3 . . . . Builder 1 | . . 1 . . . Watcher 4 | . 2 1 . 1 . Swarmer 16 | . 6 6 . . 4 Grunt 8 | . 2 1 . 1 4 Brawler 2 | . . . . . 2 Duelist 1 | . . . . . 1 Sentry 3 | . . 2 . 1 . Best Kill Streak 8 | . 8 6 . 1 4 Combat Bots Only 7 | . 7 5 . 1 4 Max Kills in Single Turn 1 | . 1 1 . 1 1 Gunslinging . | . . . . . . Exploded . | . . . . . . Melee . | . . . . . . Uniques/NPCs Destroyed . | . . . . . . Combat | -11 -10 -9 -8 -8 -8 -------- Run | Yrd Mat Mat Mat Sto Gar Hostile Shots Fired 258 | . 51 60 8 32 107 Missed 86 | . 17 21 5 11 32 Damage Taken 2471 | . 312 426 24 330 1379 Core 660 | . 35 67 . 56 502 Absorbed by Shields . | . . . . . . Regen/Repaired (Parts) 168 | . . 72 . 96 . Core Remaining (%) 89 | 100 86 83 . . . Volleys Fired 153 | . 48 30 1 24 50 Largest 2 | . 1 2 2 2 2 Hottest 99 | . 20 43 43 78 99 Shots Fired 244 | . 48 53 2 48 93 Gun 221 | . 48 53 2 48 70 Cannon 23 | . . . . . 23 Launcher . | . . . . . . Special . | . . . . . . Kinetic 212 | . 48 53 2 47 62 Thermal 32 | . . . . 1 31 Explosive . | . . . . . . Electromagnetic . | . . . . . . Robot Hit Streak 9 | . 7 7 1 9 9 Robot Miss Streak 9 | . 3 4 1 4 9 Penetration Max . | . . . . . . Secondary Targets 1 | . . 1 . . . Max Gunslinging Chain 1 | . . 1 . . . Shots Hit Robots 151 | . 30 29 1 33 58 Core Hits 70 | . 12 14 . 12 32 Critical Kills . | . . . . . . Critical Parts Destroyed 3 | . 3 . . . . Critical Strikes 3 | . 3 . . . . Smash 3 | . 3 . . . . Melee Attacks 4 | . 4 . . . . Impact 4 | . 4 . . . . Slashing . | . . . . . . Piercing . | . . . . . . Sneak Attacks 2 | . 2 . . . . Combat Hostiles . | . . . . . . Follow-up Attacks . | . . . . . . Damage Inflicted 2329 | . 544 425 15 534 811 Guns 1788 | . 366 423 15 504 480 Cannons 331 | . . . . . 331 Explosions . | . . . . . . Melee 178 | . 178 . . . . Ramming 32 | . . 2 . 30 . Kinetic 1872 | . 366 423 15 504 564 Thermal 247 | . . . . . 247 Explosive . | . . . . . . Electromagnetic . | . . . . . . Impact 178 | . 178 . . . . Slashing . | . . . . . . Piercing . | . . . . . . Highest Corruption 1 | . . . . . 1 Average Corruption 1 | . . . . . 1 Corruption Purged . | . . . . . . Corruption Blocked . | . . . . . . Effects 1 | . . . . . 1 Message Errors 1 | . . . . . 1 Overload Shots . | . . . . . . Overflow Damage 178 | . 178 . . . . Projectiles . | . . . . . . Explosions . | . . . . . . Melee 178 | . 178 . . . . Knockbacks 15 | . . . . . 15 Impact . | . . . . . . Kinetic 15 | . . . . . 15 Secondary . | . . . . . . Self-Inflicted Damage 15 | . . . . 15 . Shots . | . . . . . . Rammed 1 | . . . . 1 . Targets Rammed 2 | . . 1 . 1 . Kicked 1 | . . 1 . . . Crushed . | . . . . . . Highest Temperature 646 | . . 3 . 30 646 Average Temperature 190 | . . 3 . 11 219 Received Heat Transfer 900 | . 66 87 . 117 630 Effects 31 | . . . . . 31 Shutdowns 2 | . . . . . 2 Energy Bleed 3 | . . . . . 3 Matter Decay 6 | . . . . . 6 Short Circuit 2 | . . . . . 2 Damage (minor) 2 | . . . . . 2 Damage (major) 13 | . . . . . 13 Damage (core) 3 | . . . . . 3 Siege Activations . | . . . . . . Robots Corrupted . | . . . . . . Combat Hostiles . | . . . . . . Parts Fried 3 | . 3 . . . . Impact Corruptions 5 | . 5 . . . . Robots Melted . | . . . . . . Combat Hostiles . | . . . . . . Parts Melted . | . . . . . . Heat Transferred 481 | . . . . . 481 Parts Sabotaged . | . . . . . . Parts Stolen . | . . . . . . Parts Stripped . | . . . . . . Power Chain Reactions . | . . . . . . Alert | -11 -10 -9 -8 -8 -8 ------- Run | Yrd Mat Mat Mat Sto Gar Peak Influence 496 | . 191 137 46 496 396 Initial 211 | . . 11 46 18 211 Average 121 | . 50 46 46 221 302 Maximum Alert Level 2 | . . . . 2 1 Low Security (%) 73 | 100 100 100 100 44 . Level 1 23 | . . . . 43 100 Level 2 2 | . . . . 11 . Level 3 . | . . . . . . Level 4 . | . . . . . . Level 5 . | . . . . . . High Security . | . . . . . . Max Security . | . . . . . . Squads Dispatched 5 | . . 2 . 3 . Investigation 2 | . . . . 2 . Extermination . | . . . . . . Reinforcement 2 | . . 2 . . . Assault . | . . . . . . Garrison 1 | . . . . 1 . Intercept . | . . . . . . Searches Triggered . | . . . . . . Construction Impeded . | . . . . . . Haulers Reinforced . | . . . . . . Active Scanning Responses . | . . . . . . Cargo Convoy Interrupts . | . . . . . . Stealth | -11 -10 -9 -8 -8 -8 --------- Run | Yrd Mat Mat Mat Sto Gar Distress Signals 7 | . 2 3 . 2 . Communications Jammed . | . . . . . . Distress Signals . | . . . . . . Times Spotted 81 | . 15 14 8 28 16 Peak Tracking Total 8 | . 4 4 8 6 5 Tactical Retreats 2 | . . . . . 2 Traps | -11 -10 -9 -8 -8 -8 ------- Run | Yrd Mat Mat Mat Sto Gar Traps Triggered 4 | . . . . 1 3 Indirectly . | . . . . . . Trap Hack Attempts . | . . . . . . Triggered . | . . . . . . Disarmed 3 | . . . . 3 . Reprogrammed . | . . . . . . Reused . | . . . . . . Traps Extracted . | . . . . . . Installed . | . . . . . . Triggered . | . . . . . . Machines | -11 -10 -9 -8 -8 -8 ---------- Run | Yrd Mat Mat Mat Sto Gar Machines Disabled 2 | . 1 . . 1 . Max in Single Turn 1 | . 1 . . . . Machines Repaired . | . . . . . . Machines Dismantled . | . . . . . . Machines Sabotaged . | . . . . . . Overloaded Fab Kills . | . . . . . . Hacking | -11 -10 -9 -8 -8 -8 --------- Run | Yrd Mat Mat Mat Sto Gar Machines Accessed 25 | . 9 3 . 13 . Terminals 17 | . 7 1 . 9 . Fabricators . | . . . . . . Repair Stations 3 | . . 1 . 2 . Recycling Units 4 | . 2 1 . 1 . Scanalyzers . | . . . . . . Garrison Access 1 | . . . . 1 . Total Hacks 53 | . 20 4 . 29 . Successful 36 | . 12 3 . 21 . Failed 17 | . 8 1 . 8 . Catastrophic 4 | . . 1 . 3 . Database Lockouts . | . . . . . . Manual 7 | . 4 . . 3 . Terminals 37 | . 15 1 . 21 . Fabricators . | . . . . . . Repair Stations 8 | . . 2 . 6 . Recycling Units 7 | . 5 1 . 1 . Scanalyzers . | . . . . . . Garrison Access 1 | . . . . 1 . Terminal Hacks 22 | . 8 . . 14 . Record 8 | . 2 . . 6 . Part Schematic 1 | . 1 . . . . Robot Analysis 1 | . 1 . . . . Prototype ID Bank 1 | . 1 . . . . Open Door 2 | . . . . 2 . Alert Level 1 | . . . . 1 . Unreport Threat 2 | . . . . 2 . Locate Traps 3 | . 2 . . 1 . Disarm Traps 1 | . . . . 1 . Zone Layout 2 | . 1 . . 1 . Fabricator Hacks . | . . . . . . Repair Station Hacks 7 | . . 2 . 5 . Scan Component 4 | . . 1 . 3 . Repair 3 | . . 1 . 2 . Recycling Unit Hacks 6 | . 4 1 . 1 . Process 1 | . 1 . . . . Report Inventory 4 | . 2 1 . 1 . Retrieve Matter 1 | . 1 . . . . Scanalyzer . | . . . . . . Garrison Access Hacks 1 | . . . . 1 . Unlock Access 1 | . . . . 1 . Unauthorized Hacks . | . . . . . . Terminals . | . . . . . . Fabricators . | . . . . . . Repair Stations . | . . . . . . Recycling Units . | . . . . . . Scanalyzers . | . . . . . . Garrison Access . | . . . . . . Data Cores Recovered 1 | . . . . 1 . Used . | . . . . . . Hacking Detections 16 | . 6 1 . 9 . Full Trace Events 4 | . 2 . . 2 . Feedback Events . | . . . . . . Feedback Blocked . | . . . . . . Robot Schematics Acquired . | . . . . . . Robots Built . | . . . . . . Authchips . | . . . . . . Time . | . . . . . . Total Robot Build Rating . | . . . . . . Part Schematics Acquired 1 | . 1 . . . . Parts Built . | . . . . . . Authchips . | . . . . . . Time . | . . . . . . Total Part Build Rating . | . . . . . . Parts Repaired 3 | . . 1 . 2 . Time 90 | . . 26 . 64 . Parts Recycled . | . . . . . . Recycled Matter 78 | . 78 . . . . Retrieved Matter 78 | . 78 . . . . Retrieved Components . | . . . . . . Parts Scanalyzed . | . . . . . . Part Schematics Acquired . | . . . . . . Parts Damaged . | . . . . . . Bothacking | -11 -10 -9 -8 -8 -8 ------------ Run | Yrd Mat Mat Mat Sto Gar Used RIF Installer . | . . . . . . Robots Hacked . | . . . . . . Non-combat . | . . . . . . Combat . | . . . . . . Robot Hacks Applied . | . . . . . . Relay Couplers Released . | . . . . . . Fabnet Peak Effective % . | . . . . . . Robots Rewired . | . . . . . . Allies Hacked . | . . . . . . Hacks Repelled . | . . . . . . Allies | -11 -10 -9 -8 -8 -8 -------- Run | Yrd Mat Mat Mat Sto Gar Total Allies 3 | . . . . 3 . Largest Group 2 | . . . . 2 1 Highest-Rated Group 118 | . . . . 118 100 Highest-Rated Ally 100 | . . . . 100 100 Total Orders . | . . . . . . Ally Attacks 53 | . . . . 53 . Total Damage 1568 | . . . . 1568 . Kills 25 | . . . . 25 . Allies Corrupted . | . . . . . . Allies Melted . | . . . . . . Intel | -11 -10 -9 -8 -8 -8 ------- Run | Yrd Mat Mat Mat Sto Gar Robot Analysis Total 1 | . 1 . . . . Derelict Logs Recovered . | . . . . . . Drone Launches . | . . . . . . Drone Recoveries . | . . . . . . Exploration | -11 -10 -9 -8 -8 -8 ------------- Run | Yrd Mat Mat Mat Sto Gar Turns Passed 2650 | 45 948 647 45 610 355 Spaces Moved 2232 | 29 680 363 36 794 330 Core 94 | 14 . . . . 80 Treads . | . . . . . . Legs 1142 | 15 680 363 36 24 24 Wheels . | . . . . . . Hover 996 | . . . . 770 226 Flight . | . . . . . . Fastest Speed 42 | 50 120 120 120 42 42 Average Speed 86 | 125 120 135 120 44 56 Slowest Speed 260 | 200 120 260 120 170 250 Overloaded Moves . | . . . . . . Propulsion Burnouts . | . . . . . . Robots Hopped . | . . . . . . Cave-ins Triggered . | . . . . . . Exploration Rate (%) 40 | 3 95 25 4 86 27 Regions Visited 5 Branch Regions 1 Pre-discovered Areas . | . . . . . . Known Exits Taken 3 | . . 1 1 1 . Unknown Exits Taken 2 | 1 1 . . . . Scrap Searched . | . . . . . . Spaces Dug . | . . . . . . Terrain Destroyed . | . . . . . . Melee . | . . . . . . Projectile . | . . . . . . AOE . | . . . . . . Terrain Rammed . | . . . . . . Walls Destroyed . | . . . . . . Machines Disabled . | . . . . . . Actions | -11 -10 -9 -8 -8 -8 --------- Run | Yrd Mat Mat Mat Sto Gar Total 2705 | 35 757 464 36 1003 410 Wait 213 | . 11 50 . 149 3 Move 2227 | 28 679 362 35 793 330 Hop . | . . . . . . Pick Up 29 | 2 9 5 . 11 2 Fast Attach 29 | 5 1 5 . 9 9 Attach 8 | . 1 5 . 1 1 Detach 2 | . . 2 . . . Swap 3 | . 1 . . 1 1 Drop 22 | . 3 4 . 14 1 Fire 153 | . 48 30 1 24 50 Melee 4 | . 4 . . . . Ram 1 | . . . . 1 . Kick 1 | . . 1 . . . Crush . | . . . . . . Escape Stasis 13 | . . . . . 13 Rewire . | . . . . . . Trap . | . . . . . . Miscellaneous . | . . . . . . Route ------- -11/Scrapyard -10/Materials (discovered 5 exits: *Mat x3 / [*Min x2]) -9/Materials -8/Materials -8/Storage (discovered 3 exits: [*Fac] / [Rec] / Gar) -8/Garrison History --------- Turn | Location | Event 13 | -11/Scrapyard | Discovered new exit (range 16) 46 | -11/Scrapyard | Entered Materials 222 | -10/Materials | Discovered new exit (range 8) 305 | -10/Materials | Build established: Mutant 396 | -10/Materials | Destroyed 7 combat bots 400 | -10/Materials | Discovered new exit (range 16) 441 | -10/Materials | Discovered new exit (range 5) 538 | -10/Materials | Discovered new exit (range 15) 727 | -10/Materials | Discovered new exit (range 16) 994 | -10/Materials | Entered another Materials area 994 | -9/Materials | Evolved 2 slots: Power x1, Utility x1 1161 | -9/Materials | Repaired Assault Rifle 1535 | -9/Materials | Discovered new exit (range 8) 1640 | -9/Materials | Identified exit to Materials 1641 | -9/Materials | Entered another Materials area 1641 | -8/Materials | Evolved 2 slots: Propulsion x1, Utility x1 1644 | -8/Materials | Discovered new exit (range 10) 1653 | -8/Materials | Identified exit to Storage 1686 | -8/Materials | Entered Storage 1700 | -8/Storage | Met 01-MTF 1822 | -8/Storage | Repaired Sml. Storage Unit 1895 | -8/Storage | Garrison activated, responded to threat 1951 | -8/Storage | Discovered new exit (range 16) 1994 | -8/Storage | Repaired Lgt. Deuterium Engine 2092 | -8/Storage | Build established: Scavenger-Mutant 2121 | -8/Storage | Discovered new exit (range 19) 2295 | -8/Storage | Identified exit to Garrison 2296 | -8/Storage | Entered Garrison 2296 | -8/Garrison | Accompanied by 1 ally (01-MTF) 2301 | -8/Garrison | 01-MTF left 2386 | -8/Garrison | Triggered checkpoint 2444 | -8/Garrison | Triggered checkpoint 2498 | -8/Garrison | Core integrity fell below 50% 2518 | -8/Garrison | Core integrity fell below 20% 2556 | -8/Garrison | Lost 11 parts (4p3n2u2w) 2651 | -8/Garrison | Destroyed by G-47 Trooper with Particle Gun Last Messages --------------- Acquired Lgt. Nuclear Core. Acquired 24 matter. Overheating: Lgt. Nuclear Core damaged (-3). Lgt. Nuclear Core destroyed. Sml. Storage Unit destroyed. Acquired 11 matter. Acquired Lgt. Assault Rifle. Acquired 103 matter. Acquired 11 matter. G-47 Trooper destroyed. Acquired 40 matter. Acquired Rnf. Ion Engine. Acquired Imp. Ion Engine. Garrison Door activated. B-36 Bruiser destroyed. Critical hit (Burn: +37). G-47 Trooper destroyed. Critical hit (Burn: +37). Acquired 37 matter. Acquired Aluminum Leg. Map ----- +----------------------------------------------------+ | ?????????????????????????????????????????????????? | | ?????????????????????????????????????????????????? | | ?????????????????????????????????????????????????? | | ?????????????????????????????????????????????????? | | ?????????????????????????????????????????????????? | | ?????????????????????????????????????????????????? | | ?????????????????????????????????????????????????? | | ?????????????????????????????????????????????????? | | ?????????????????????????????????????????????????? | | ?????????????????????????????????????????????????? | | ?????????????????????????????????????????????????? | | ?????????????????????????????????????????????????? | | ?????????????????#???##""""#######???????????????? | | ??????????????? ?? ???????????????? | | ???????????????? ? ????????????????? | | ???????????????? ?? ????????????????? | | ?????????????????# ?# ## #????????????????? | | ?????????????????# ## ## ###??????????????? | | ?????????????????" #??????????????? | | ?????????????????" #??????????????? | | ?????????????????" #??????????????? | | ?????????????????" ? ???????????????? | | ?????????????????# ??# % ## #????????????????? | | ?????????????????# ## = ##g ############?????? | | ?????????????????# *% g #?????? | | ?????????????????# @ % * ! ^ #?????# | | ?????????????????# ! ! ^ #?????# | | ?????????????????# ## ############# #?????# | | ?????????????????# ???# #???????????# #?????# | | ??????????????????????######???????????# #?????# | | ???????????????????????????????????????# #?????# | | ???????????????????????????????????????# #?????# | | ???????????????????????????############# #?????? | | ???????????????????????????#""""""""""## ####### | | ???????????????????????????#"""!!!!!!"## = | | ???????????????????????????#"" ## % | | ???????????????????????????#"! ## [!#### | | ???????????????????????????#"! ## #??# | | ???????????????????????????#"! [ + #??#### | | ???????????????????????????#"! + #?????? | | ???????????????????????????#"" ## #?????? | | ???????????????????????????#"""!!!! "## #?????? | | ???????????????????????????#""""""""""## #?????? | | ???????????????????????????############# #?????? | | ???????????????????????????????????????# ####### | | ???????????????????????????????????????# | | ???????????????????????????????????????# | | ???????????????????????????????????????# | | ???????????????????????????????????????# ######## | | ???????????????????????????????????????# #??????? | +----------------------------------------------------+ Best States ------------- Heat Dissipation 31 Energy Generation 21 Energy Capacity 430 Matter Stores 300 Matter Capacity 300 Sight Range 16 Robot Scan Range 14 Terrain Scan Density 10 Armor Coverage 150 Evasion (%) 56 Targeting Accuracy 5 Authchip Count 2 Item Schematics ----------------- Grenade Launcher | -10/Materials | Hacked Robot Schematics ------------------ None Fabricated ------------ Nothing Alien Tech Used ----------------- None Achievements -------------- Everything Is Under Control Troublemaker Challenges ------------ None Game ------ Seed ReinforcedMyomerSegregator Manual? 0 Play Time 01:02:38 Cumulative 4.6 hours Start 2024.04.09 @ 19:12:09 End 2024.04.09 @ 20:15:37 Sessions 5 Manual Loads 0 Difficulty Rogue Special Mode None Game No. 3 Rogue 3 Adventurer 0 Explorer 0 Win Type - Total 0 Types 0/0/0/0/0/0/0/0/0 Lore% 5 Gallery% 7 Achievement% 10 Wizard Run 0 Options --------- Layout 1 ASCII 0 Keyboard 0 Movement Mouse Keybinds 0 Fullscreen 0 Font 28/SmallcapsGlow Map View 50x35 Zoom Use 0% Tactical HUD 0 Map Filters NONE Filters NONE Steam 0 RUN: 1e64c3bd-492a-4bc3-9165-d7766d6b4670